 Dungeon Crawl Stone Soup version 0.19.1-1-g22dce08 (webtiles) character file.

320 Queen the Cudgeler (level 6, -7/52 HPs)
             Began as a Gargoyle Gladiator on Jan 13, 2017.
             Mangled by an ogre
             ... wielding a +0 giant club
              (17 damage)
             ... on level 4 of the Dungeon.
             The game lasted 00:14:29 (2935 turns).

Queen the Cudgeler (Gargoyle Gladiator)             Turns: 2935, Time: 00:14:30

Health: -7/52      AC: 14    Str: 24    XL:     6   Next: 46%
Magic:  6/6        EV:  9    Int:  8    God:
Gold:   187        SH:  0    Dex: 12    Spells: 0 memorised, 5 levels left

rFire  . . .     SeeInvis .     a - +1 flail
rCold  . . .     Gourm    +     y - +0 chain mail
rNeg   + . .     Faith    .     (no shield)
rPois  ∞         Spirit   .     g - +0 helmet
rElec  +         Reflect  .     (no cloak)
rCorr  +         Harm     .     v - +0 pair of gloves
MR     .....                    (no boots)
Stlth  ..........               h - amulet of the gourmand
                                w - ring of resist corrosion
                                n - ring of poison resistance

@: berserking, very quick
A: negative energy resistance 1, electricity resistance, unbreathing,
petrification resistance, rot immunity, AC +4
a: no special abilities


You were on level 4 of the Dungeon.
You were not hungry.

You visited 1 branch of the dungeon, and saw 4 of its levels.

You collected 187 gold pieces.

Inventory:

Hand Weapons
 a - a +1 flail (weapon)
Missiles
 b - 5 tomahawks
 d - 3 throwing nets (quivered)
Armour
 g - a +0 helmet (worn)
 v - a +0 pair of gloves (worn)
 y - a +0 chain mail (worn)
Jewellery
 e - an uncursed amulet of faith
 h - an amulet of the gourmand (around neck)
 n - a ring of poison resistance (left hand)
 w - a ring of resist corrosion (right hand)
Scrolls
 i - a scroll of recharging
 x - 2 scrolls of identify
Potions
 c - 3 potions of curing {unknown}
 j - a potion of mutation {unknown}
 k - a potion of ambrosia {unknown}
 l - a potion of berserk rage
 p - a potion of degeneration {unknown}
 s - 2 potions of flight
 t - a potion of invisibility {unknown}
 u - 2 potions of haste
 z - a potion of might {unknown}
 A - 2 potions of cancellation {unknown}
Comestibles
 f - 5 bread rations
 m - 2 beef jerkies
 o - 4 meat rations


   Skills:
 - Level 2.1 Fighting
 + Level 7.1 Maces & Flails
 - Level 1.7 Throwing
 - Level 2.4 Dodging


You had 5 spell levels left.
You didn't know any spells.

Dungeon Overview and Level Annotations

Branches:
Dungeon (4/15)
 Temple: D:4-7

Altars:


Innate Abilities, Weirdness & Mutations

You are resistant to torment.
Your stone body is resilient. (AC +4)
You are immune to poison.
You resist negative energy. (rN+)
You are resistant to electric shocks. (rElec)
You can survive without breathing.
You are immune to petrification.
You are immune to rotting.


Message History

The ogre barely misses you.
You barely miss the ogre.
The ogre is almost dead.
You hit the ogre.
The ogre is almost dead.
The ogre barely misses you.
You hit the ogre.
The ogre is almost dead.
The ogre hits you with a giant club.
* * * LOW HITPOINT WARNING * * *
Okay, then.
Okay, then.
Okay, then.
Okay, then.
Wear which item? (? for menu, Esc to quit)
Okay, then.
A red film seems to cover your vision as you go berserk!
You feel yourself moving faster!
You feel mighty! The ogre hits you with a giant club!
You die...

#.# #. ##.## #.#
#.# #.##.####...#
#.# #.#
..........#.#
###.# #.#
#.......#...#
#...# #.#
####.##.#####
#.### #.# #..#.#
#.# #.# #.#.# #.#
#.# #.#O# #.# #.#
#.#@# #.#
#.############.#.#
#.#
#..............#.#
#.#
###########......#
#.#
................##
#.#
###########.###.#
#.# #.# #<# #.###
#.# #.# #...# #.#
#.# ###.#


You could see an ogre.

Vanquished Creatures
  An ice beast (D:3)
  A hound (D:4)
  An orc wizard (D:3)
  2 worker ants (D:4)
  5 adders
  An ooze (D:2)
  4 worms
  2 dart slugs
  3 leopard geckos
  An orc (D:3)
  A ball python (D:3)
  7 giant cockroaches
  9 goblins
  2 hobgoblins
  6 bats
  6 frilled lizards
  8 kobolds
  5 rats
65 creatures vanquished.

Notes
Turn   | Place    | Note
-------+----------+-------------------------------------------
     0 | D:1      | Queen the Gargoyle Gladiator began the quest for the Orb.
     0 | D:1      | Reached XP level 1. HP: 12/12 MP: 1/1
    23 | D:1      | Reached XP level 2. HP: 11/17 MP: 2/2
   501 | D:1      | Reached skill level 4 in Maces & Flails
   599 | D:1      | Reached XP level 3. HP: 19/21 MP: 3/3
  1529 | D:3      | Reached XP level 4. HP: 25/26 MP: 4/4
  1599 | D:3      | Reached skill level 5 in Maces & Flails
  2063 | D:3      | Noticed an ice beast
  2095 | D:3      | Reached XP level 5. HP: 24/30 MP: 5/5
  2105 | D:3      | Killed an ice beast
  2105 | D:3      | Reached skill level 6 in Maces & Flails
  2244 | D:3      | Reached XP level 6. HP: 11/35 MP: 6/6
  2824 | D:4      | Reached skill level 7 in Maces & Flails
  2935 | D:4      | Mangled by an ogre

Skill      XL: |  1  2  3  4  5  6 |
---------------+-------------------+-----
Maces & Flails | 4 5 6 7 |  7.1
Fighting       | |  2.1
Throwing       | |  1.7
Dodging        | |  2.4

Action                   |  1- 3 |  4- 6 || total
-------------------------+-------+-------++-------
Melee: Flail             |   132 |   143 ||   275
  Use: Scroll            |     4 |     4 ||     8
       Potion            |       |     1 ||     1
  Eat: Chunk             |     2 |     6 ||     8
Armor: Leather armour    |    28 |       ||    28
       Ring mail         |    44 |    15 ||    59
       Chain mail        |       |    73 ||    73
Dodge: Dodged            |    96 |    67 ||   163
